 Dungeon Crawl Stone Soup version 0.24.0-13-gcf9b319 (webtiles) character file.

Game seed: 2566928885445430719, levelgen mode: deterministic

191 Bronimir the Firebug (level 5, -2/49 HPs)
             Began as an Ogre Fire Elementalist on Apr 20, 2020.
             Was an Initiate of Okawaru.
             Killed by nerve-wracking pain
             ... invoked by Grinder
              (3 damage)
             ... on level 3 of the Dungeon.
             The game lasted 00:11:00 (4253 turns).

Bronimir the Firebug (Ogre Fire Elementalist)       Turns: 4253, Time: 00:11:00

Health: -2/49      AC:  5    Str: 13    XL:     5   Next: 70%
Magic:  2/10       EV: 10    Int: 16    God:    Okawaru [......]
Gold:   207        SH:  0    Dex:  9    Spells: 1/11 levels left

rFire    . . .     SeeInvis .   A - +0 flail
rCold    . . .     Gourm    .   (no shield)
rNeg     . . .     Faith    .   h - +0 robe
rPois    .         Spirit   .   (helmet restricted)
rElec    .         Reflect  .   (no cloak)
rCorr    .         Harm     .   (gloves unavailable)
MR       .....                  (boots unavailable)
Stlth    ++........             (no amulet)
HPRegen  0.16/turn              (no ring)
MPRegen  0.12/turn              (no ring)

@: very slightly contaminated
A: large, unfitting armour, icy blue scales 1, screaming 1, tough skin 1
a: Renounce Religion


You were on level 3 of the Dungeon.
You worshipped Okawaru.
Okawaru was noncommittal.
You were very hungry.

You visited 1 branch of the dungeon, and saw 3 of its levels.

You collected 207 gold pieces.

Inventory:

Hand Weapons
 a - a +0 hand axe
 e - a +0 club
 A - a +0 flail (weapon)
Missiles
 b - 41 sling bullets
 f - 41 bolts
 m - 126 stones
 n - 22 arrows
 y - a poisoned dart (quivered)
Armour
 h - a +0 robe (worn)
 l - a +0 pair of gloves
 v - a +0 large shield
Wands
 s - a wand of flame (12)
Scrolls
 d - 4 scrolls of teleportation {unknown}
 g - 6 scrolls of identify {unknown}
 j - 2 scrolls of remove curse {unknown}
 u - a scroll of amnesia {unknown}
Potions
 p - a potion of flight {unknown}
 q - a potion of agility {unknown}
 r - a potion of degeneration {unknown}
 t - a potion of resistance {unknown}
 w - a potion of heal wounds {unknown}
 z - a potion of cancellation {unknown}
Comestibles
 c - 4 rations


   Skills:
 * Level 2.0 Fighting
 + Level 1.0 Axes
 + Level 0.1(0.4) Maces & Flails
 * Level 2.5 Dodging
 - Level 1.5 Stealth
 * Level 0.1 Shields
 + Level 3.5 Spellcasting
 * Level 1.8 Conjurations
 * Level 3.6 Fire Magic
 * Level 0.9 Invocations


You had one spell level left.
You knew the following spells:

 Your Spells              Type           Power        Failure   Level  Hunger
a - Flame Tongue          Conj/Fire      ##...        6%          1    None
b - Throw Flame           Conj/Fire      ##....       9%          2    ##.....
c - Conjure Flame         Conj/Fire      ##......     17%         3    ###....
d - Sticky Flame          Conj/Fire      ##......     50%         4    ####...

Your spell library contained the following spells:

 Spells                   Type           Power        Failure   Level  Hunger
 Inner Flame              Hex/Fire       #.......     26%         3    ###....
 Fireball                 Conj/Fire      ##........   85%         5    ######.


Dungeon Overview and Level Annotations

Branches:
Dungeon (3/15)

Altars:
Dithmenos
Elyvilon
Fedhas
Okawaru
The Shining One

Annotations:
D:3 Grinder


Innate Abilities, Weirdness & Mutations

You are too large for most types of armour.
You have tough skin. (AC +1)
You are partially covered in icy blue scales. (AC +2)
You occasionally shout uncontrollably at your foes.


Message History

You writhe in agony.
* * * LOW HITPOINT WARNING * * *
Grinder gestures at you.
You struggle to resist.
You can move again.
Casting: Sticky Flame (very dangerous; 50% risk of failure)
Confirm with . or Enter, or press ? or * to list all spells.
Aiming: Flame Tongue (safe; 6% risk of failure)
Press: ? - help, Shift-Dir - straight line, f/p - Grinder
Aim: Grinder (severely wounded)
The flame tongue misses Grinder.
Grinder hits you.
* * * LOW HITPOINT WARNING * * *
You writhe in agony.
* * * LOW HITPOINT WARNING * * *
It was a potion of mutation.
You feel extremely strange.
You feel the urge to shout.
Icy blue scales grow over part of your body.
Grinder gestures at you. Pain shoots through your body!
You die...

############.########.#
.................####.#
.###########.###...##.#
.# #.......##.########
.# #.###.............#
.# #.###.####.######.#
## #.......†.[# #.# #
#.###.###### #.### #
##### #.# #@# #...#
####...# #.# #5# ###.#
.......## #.# #.# #.#
...#....# #.# #.# #.#
##.####.####.###.#####
#.# #.#
#.>............# #.#
#.#########.##.####.#
#.# #........##.##.#
#.# #.#
########.#..##.# #.#
#.#


You could see Grinder.

Vanquished Creatures
  An orc priest (D:3)
  Jessica (D:3)
  Robin (D:3)
  An adder (D:3)
  An ooze (D:3)
  2 worms (D:3)
  3 dart slugs
  5 leopard geckos
  6 orcs (D:3)
  6 bats
  3 giant cockroaches
  14 goblins
  11 hobgoblins
  4 jackals (D:2)
  2 ball pythons (D:3)
  9 frilled lizards
  8 kobolds
  9 rats
87 creatures vanquished.

Notes
Turn   | Place    | Note
-------+----------+-------------------------------------------
     0 | D:1      | Bronimir the Ogre Fire Elementalist began the quest for the
                  | Orb.
     0 | D:1      | Reached XP level 1. HP: 16/16 MP: 3/3
   168 | D:1      | Reached XP level 2. HP: 24/24 MP: 3/5
   592 | D:1      | Reached skill level 1 in Conjurations
   874 | D:1      | Reached XP level 3. HP: 32/32 MP: 7/7
  1547 | D:2      | Found a white marble altar of Elyvilon.
  1599 | D:2      | Reached skill level 1 in Fighting
  2080 | D:2      | Reached XP level 4. HP: 34/41 MP: 4/8
  2201 | D:2      | Found a blossoming altar of Fedhas.
  2204 | D:2      | Found an iron altar of Okawaru.
  2216 | D:2      | Found a shadowy altar of Dithmenos.
  2228 | D:2      | Found a glowing golden altar of the Shining One.
  2234 | D:2      | Became a worshipper of Warmaster Okawaru
  2519 | D:3      | Learned a level 2 spell: Throw Flame
  2523 | D:3      | Learned a level 3 spell: Conjure Flame
  3041 | D:3      | Noticed Jessica
  3045 | D:3      | Killed Jessica
  3045 | D:3      | Reached XP level 5. HP: 45/49 MP: 6/9
  3102 | D:3      | Reached skill level 1 in Axes
  3656 | D:3      | Noticed Robin
  3678 | D:3      | Killed Robin
  3767 | D:3      | Learned a level 4 spell: Sticky Flame
  4103 | D:3      | Noticed Grinder
  4103 | D:3      | Paralysed by Grinder for 2 turns
  4247 | D:3      | Paralysed by Grinder for 5 turns
  4252 | D:3      | HP: 1/49 [Grinder (6)]
  4253 | D:3      | Gained mutation: You occasionally shout uncontrollably at
                  | your foes. [potion of mutation]
  4253 | D:3      | Gained mutation: You are partially covered in icy blue
                  | scales. (AC +2) [potion of mutation]
  4253 | D:3      | Killed from afar by Grinder

Levels and vault maps discovered:
D:1:      elethiomel_arrival_quiet, layout_basic, hangedman_decor_growths
D:2:      layout_rooms, grunt_temple_overflow_cloverleaf, elyvilon_altar_3
D:3:      layout_loops_ring, first_ration, uniq_robin, uniq_jessica,
          uniq_grinder

Skill      XL: |  1  2  3  4  5 |
---------------+----------------+-----
Fire Magic     | 3 |  3.6
Conjurations   | 1 |  1.8
Spellcasting   | 3 |  3.5
Dodging        | 2 |  2.5
Fighting       | 1 2 |  2.0
Axes           | 1 |  1.0
Maces & Flails | |  0.1
Stealth        | |  1.5
Shields        | |  0.1
Invocations    | |  0.9

Action                   |  1- 3 |  4- 6 || total
-------------------------+-------+-------++-------
Melee: Hand axe          |    84 |    45 ||   129
       Flail             |       |    40 ||    40
Throw: Dart              |       |     3 ||     3
       Stone             |       |     2 ||     2
 Cast: Flame Tongue      |    56 |    44 ||   100
       Throw Flame       |       |     1 ||     1
       Sticky Flame      |       |     1 ||     1
  Use: Potion            |       |     3 ||     3
 Stab: Sleeping          |       |     1 ||     1
  Eat: Chunk             |     3 |     7 ||    10
Armor: Robe              |    41 |    27 ||    68
Dodge: Dodged            |   100 |    67 ||   167
